 Dungeon Crawl Stone Soup version 0.21.1-1-g345015fe64 (webtiles) character file.

4938 Loge the Cleaver (level 10, -4/91 HPs)
             Began as a Minotaur Berserker on July 12, 2018.
             Was an Elder of Trog.
             Succumbed to Thargor's ghost's poison
             ... on level 7 of the Dungeon.
             The game lasted 00:33:24 (8713 turns).

Loge the Cleaver (Minotaur Berserker)               Turns: 8713, Time: 00:33:24

Health: -4/91      AC: 15    Str: 23    XL:     10   Next: 28%
Magic:  9/9        EV: 10    Int:  4    God:    Trog [****..]
Gold:   309        SH:  0    Dex: 12    Spells: 9/9 levels left

rFire    . . .     SeeInvis .   y - +0 broad axe
rCold    . . .     Gourm    .   (no shield)
rNeg     . . .     Faith    .   v - +0 plate armour
rPois    .         Spirit   .   (helmet restricted)
rElec    .         Reflect  .   t - +0 cloak
rCorr    .         Harm     .   (no gloves)
MR       .....                  (no boots)
Stlth    ..........             (no amulet)
HPRegen  0.25/turn              (no ring)
MPRegen  0.11/turn              (no ring)

@: lethally poisoned (-4 -> -58), berserk cooldown, flying, slowed, very slow
A: retaliatory headbutt, horns 2
a: Berserk, Trog's Hand, Brothers in Arms, Burn Spellbooks, Renounce Religion


You were on level 7 of the Dungeon.
You worshipped Trog.
Trog was greatly pleased with you.
You were very hungry.

You visited 1 branch of the dungeon, and saw 8 of its levels.

You collected 309 gold pieces.

Inventory:

Hand Weapons
 y - a +0 broad axe (weapon)
 G - a +0 war axe
Missiles
 b - 292 stones
 p - 8 javelins (quivered)
 q - 5 tomahawks
 r - 77 poisoned needles
 x - 4 curare-tipped needles
 I - 8 javelins of returning
Armour
 t - a +0 cloak (worn)
 v - a +0 plate armour (worn)
Wands
 B - a wand of random effects (35)
 H - a wand of iceblast (16)
 K - a wand of scattershot (7)
Scrolls
 e - 5 scrolls of identify
 i - 4 scrolls of teleportation
 l - 2 scrolls of enchant weapon {unknown}
 n - 2 scrolls of immolation {unknown}
 o - 6 scrolls of remove curse
 w - 2 scrolls of magic mapping {unknown}
 C - a scroll of noise {unknown}
 D - a scroll of fear {unknown}
 J - a scroll of summoning {unknown}
 L - a scroll of blinking {unknown}
 M - a scroll of vulnerability {unknown}
Potions
 d - a potion of invisibility {unknown}
 f - a potion of agility {unknown}
 g - a potion of berserk rage {unknown}
 h - 10 potions of curing
 j - a potion of resistance {unknown}
 k - 2 potions of degeneration {unknown}
 m - a potion of might {unknown}
 u - 3 potions of brilliance
 z - 2 potions of cancellation
 A - a potion of lignification {unknown}
 E - a potion of mutation {unknown}
 F - a potion of flight
Books
 s - a book of Maledictions

   Spells                             Type                      Level
   a - Corona                         Hexes                        1
   b - Ensorcelled Hibernation        Hexes/Ice                    2
   c - Confuse                        Hexes                        3
   d - Tukima's Dance                 Hexes                        3
   e - Dazzling Spray                 Conjuration/Hexes            3
   Trog disapproves of the use of such an item.
Comestibles
 c - 17 rations


   Skills:
 + Level 9.0 Fighting
 * Level 11.8 Axes
 + Level 8.5 Armour
 + Level 7.8 Dodging


You had 9 spell levels left.
You didn't know any spells.

Dungeon Overview and Level Annotations

Branches:
Dungeon (8/15)             Temple (0/1) D:5
   Lair: D:8-11

Altars:
Dithmenos
The Shining One

Annotations:
D:7 exclusion: downstairs
D:8 Psyche


Innate Abilities, Weirdness & Mutations

You reflexively headbutt those who attack you in melee.
You have a pair of horns on your head.


Message History

Your Fighting skill increases to level 9!
You are no longer berserk.
You are exhausted.
You feel yourself slow down.
* * * LOW HITPOINT WARNING * * *
You feel very sick.
* * * LOW HITPOINT WARNING * * *
You feel extremely sick. The orc barely misses you.
The orc hits you but does no damage.
The bullfrog gives a loud, deep croak!
You climb upwards.
Level annotation: exclusion: downstairs
* * * LOW HITPOINT WARNING * * *
You feel extremely sick.
There is a stone staircase leading down here.
Unknown command.
It was a potion of flight.
You feel very buoyant.
You fly up into the air.
You die...

................[.)......'.......
.####..)..#.#######...####.......
## ##.#.#.## #..## ##...... #
###.### #.## ##..... #.# #.#
##...# #.# #.# ##'## #.# #.# #.#
#.# ####.#### #.# #.# #@......#
##.## #.# #.##.##.# ##...# ###
#.# #.##.##.# #..... ..######.#
#.##.##.#####.###. .........#
#.##........#.# #. #.########
#.#####.###.#.###. ..# #.# #.#
#.)..... ### #.#####.# ########
#.......#


There were no monsters in sight!

Vanquished Creatures
  The ghost of Thargor the Warmonger, a novice GrFi of Okawaru (D:8)
  Prince Ribbit (D:6)
  A hippogriff (D:7)
  Grinder (D:5)
  Sigmund (D:6)
  The ghost of Lokiki the Covered, an amateur MiFi (D:4)
  4 hogs (D:7)
  A human (D:7)
  A hungry ghost (D:8)
  The ghost of SlightEye the Sneak, an amateur OpAs (D:3)
  Edmund (D:6)
  A black bear (D:5)
  2 orc warriors
  A sky beast (D:7)
  A phantom (D:6)
  4 centaurs
  An ogre (D:7)
  Blork the orc (D:4)
  A big kobold (D:8)
  4 bullfrogs
  A scorpion (D:4)
  4 killer bees (D:7)
  A bullfrog zombie (D:6)
  A crimson imp (D:7)
  A quasit (D:6)
  A centaur zombie (D:5)
  3 jellies
  3 hounds
  5 orc wizards
  Natasha (thrice) (D:4)
  5 worker ants
  Robin (D:4)
  8 adders
  13 gnolls
  2 howler monkey skeletons
  3 shadow imps
  An ooze (D:2)
  3 worms
  3 dart slugs
  4 leopard geckos
  13 orcs
  A giant cockroach (D:2)
  14 goblins
  10 hobgoblins
  10 jackals
  5 quokkas
  6 bats
  3 frilled lizards
  9 kobolds
  A leopard gecko skeleton (D:7)
  A leopard gecko zombie (D:8)
  2 quokka skeletons (D:6)
  5 rats
176 creatures vanquished.

Notes
Turn   | Place    | Note
-------+----------+-------------------------------------------
     0 | D:1      | Loge the Minotaur Berserker began the quest for the Orb.
     0 | D:1      | Reached XP level 1. HP: 19/19 MP: 0/0
   276 | D:1      | Reached XP level 2. HP: 27/27 MP: 1/1
   282 | D:1      | Reached skill level 4 in Axes
   491 | D:1      | Reached ** piety under Trog
   744 | D:2      | Reached XP level 3. HP: 33/33 MP: 2/2
  1012 | D:2      | Reached XP level 4. HP: 35/40 MP: 3/3
  1165 | D:2      | Reached skill level 5 in Axes
  1488 | D:2      | You fall through a shaft!
  1834 | D:3      | Reached XP level 5. HP: 47/47 MP: 4/4
  1841 | D:3      | Noticed SlightEye's ghost (amateur OpAs)
  1847 | D:3      | Killed SlightEye's ghost
  1984 | D:3      | Reached XP level 6. HP: 52/55 MP: 5/5
  2145 | D:3      | Reached *** piety under Trog
  2209 | D:3      | Found a glowing golden altar of the Shining One.
  2692 | D:4      | Noticed Blork the orc
  2699 | D:4      | Killed Blork the orc
  2699 | D:4      | Reached skill level 5 in Fighting
  2699 | D:4      | Reached skill level 6 in Axes
  2702 | D:4      | Noticed Natasha
  2718 | D:4      | Killed Natasha
  2760 | D:4      | Noticed Natasha
  2773 | D:4      | Killed Natasha
  2807 | D:4      | Noticed Natasha
  2823 | D:4      | Killed Natasha
  2954 | D:4      | Reached XP level 7. HP: 56/61 MP: 6/6
  3115 | D:4      | Noticed Lokiki's ghost (amateur MiFi)
  3127 | D:4      | Killed Lokiki's ghost
  3127 | D:4      | Reached skill level 7 in Axes
  3264 | D:4      | Noticed Robin
  3265 | D:4      | Reached skill level 5 in Armour
  3273 | D:4      | Killed Robin
  3629 | D:5      | Entered Level 5 of the Dungeon
  3733 | D:5      | Found a staircase to the Ecumenical Temple.
  3747 | D:5      | Noticed Grinder
  3763 | D:5      | Killed Grinder
  3763 | D:5      | Reached skill level 8 in Axes
  3763 | D:5      | Reached skill level 5 in Dodging
  3763 | D:5      | Reached XP level 8. HP: 69/70 MP: 7/7
  4757 | D:6      | Noticed Sigmund
  4762 | D:6      | Killed Sigmund
  4850 | D:6      | Noticed Edmund
  4862 | D:6      | Killed Edmund
  4862 | D:6      | Reached skill level 9 in Axes
  5229 | D:6      | Noticed Prince Ribbit
  5959 | D:6      | Reached XP level 9. HP: 64/79 MP: 8/8
  6814 | D:6      | Killed Prince Ribbit
  6814 | D:6      | Reached **** piety under Trog
  6814 | D:6      | Reached skill level 10 in Axes
  7033 | D:7      | Found a shadowy altar of Dithmenos.
  8051 | D:7      | Reached skill level 11 in Axes
  8073 | D:7      | Reached XP level 10. HP: 90/90 MP: 9/9
  8520 | D:8      | Noticed a two-headed ogre
  8683 | D:8      | Noticed Thargor's ghost (novice GrFi)
  8710 | D:8      | Noticed Psyche
  8710 | D:8      | Killed Thargor's ghost
  8712 | D:7      | HP: 3/91 [poisoned by Thargor's ghost]
  8713 | D:7      | Succumbed to Thargor's ghost's poison

Skill      XL: |  1  2  3  4  5  6  7  8  9 10 |
---------------+-------------------------------+-----
Axes           | 4 5 6 8 9 11 | 11.8
Fighting       | 4 5 6 7 8 9 |  9.0
Armour         | 3 4 5 6 8 |  8.5
Dodging        | 3 4 5 6 7 |  7.8

Action                   |  1- 3 |  4- 6 |  7- 9 | 10-12 || total
-------------------------+-------+-------+-------+-------++-------
Melee: Hand axe          |    86 |   123 |       |       ||   209
       Headbutt          |    13 |    24 |    39 |     9 ||    85
       Broad axe         |       |     1 |   253 |    76 ||   330
Throw: Javelin           |       |       |     1 |       ||     1
Invok: Berserk           |       |     3 |     7 |     1 ||    11
       Trog's Hand       |       |     1 |     2 |       ||     3
       Burn Spellbooks   |       |       |     1 |       ||     1
  Use: Scroll            |       |       |     5 |       ||     5
       Potion            |       |       |       |     1 ||     1
  Eat: Chunk             |       |    10 |    22 |     8 ||    40
Armor: Chain mail        |    51 |    51 |   106 |       ||   208
       Plate armour      |       |       |    43 |    45 ||    88
Dodge: Dodged            |    35 |    48 |   147 |    31 ||   261
